 Dungeon Crawl Stone Soup version 0.20.1-1-g8b1a95d (webtiles) character file.

2854 raph the Reanimator (level 9, -1/76 HPs)
             Began as a Deep Dwarf Necromancer on Nov 12, 2017.
             Was a Follower of Makhleb.
             Killed by divine providence
             ... invoked by an orc priest
              (12 damage)
             ... on level 8 of the Dungeon.
             The game lasted 00:33:56 (10763 turns).

raph the Reanimator (Deep Dwarf Necromancer)       Turns: 10763, Time: 00:33:56

Health: -1/76      AC:  4    Str: 11      XL:     9   Next: 46%
Magic:  15/16      EV: 14    Int: 21      God:    Makhleb [*.....]
Gold:   118        SH:  0    Dex: 14 (15) Spells: 1/18 levels left

rFire    . . .     SeeInvis .   a - +1 whip (freeze)
rCold    . . .     Gourm    .   (no shield)
rNeg     . . .     Faith    .   A - +0 robe {Archmagi}
rPois    .         Spirit   .   e - +1 helmet
rElec    .         Reflect  .   (no cloak)
rCorr    .         Harm     .   (no gloves)
MR       +....                  (no boots)
Stlth    +++.......             (no amulet)
Regen    0.0/turn               F - +3 ring of intelligence
MPRegen  0.2/turn               l - ring of wizardry

@: non-regenerating
A: damage resistance, heal wounds, sense surroundings 2, no regeneration
a: Heal Wounds, Renounce Religion


You were on level 8 of the Dungeon.
You worshipped Makhleb.
Makhleb was aware of your devotion.
You were not hungry.

You visited 2 branches of the dungeon, and saw 9 of its levels.

You collected 335 gold pieces.
You spent 217 gold pieces at shops.

Inventory:

Hand Weapons
 a - a +1 whip of freezing (weapon)
 b - a +1 mace of holy wrath
 h - a +0 short sword
 p - a +0 morningstar
 B - a +0 war axe
Missiles
 v - 8 javelins (quivered)
Armour
 e - a +1 helmet (worn)
 n - a +0 ring mail
 z - a +0 robe
 A - a +0 robe of the Archmagi (worn)
Jewellery
 l - a ring of wizardry (right hand)
 q - a +3 ring of strength
 w - an uncursed ring of flight
 F - a +3 ring of intelligence (left hand)
Wands
 H - a wand of lightning (1/15)
 K - a wand of flame (26/48)
Scrolls
 f - 2 scrolls of immolation
 g - a scroll of remove curse
 i - 3 scrolls of teleportation
 s - 4 scrolls of identify
 t - 2 scrolls of magic mapping
 C - 2 scrolls of amnesia
 E - a scroll of enchant weapon {unknown}
 G - a scroll of fog {unknown}
Potions
 d - a potion of mutation
 j - 3 potions of curing
 k - 2 potions of degeneration
 o - a potion of resistance
 r - a potion of flight
 u - a potion of agility
 I - 2 potions of brilliance
 L - a potion of haste {unknown}
 O - a potion of magic {unknown}
Books
 x - a book of Necromancy

   Spells                             Type                      Level
   a - Pain                           Necromancy                   1
   b - Animate Skeleton               Necromancy                   1
   c - Vampiric Draining              Necromancy                   3
   d - Regeneration                   Charms/Necromancy            3
   e - Animate Dead                   Necromancy                   4
   f - Control Undead                 Necromancy                   4
 y - a book of Frost

   Spells                             Type                      Level
   a - Freeze                         Ice                          1
   b - Throw Frost                    Conjuration/Ice              2
   c - Ozocubu's Armour               Charms/Ice                   3
   d - Throw Icicle                   Conjuration/Ice              4
   e - Summon Ice Beast               Ice/Summoning                4
Comestibles
 c - 2 bread rations
 m - 3 fruits
 M - a royal jelly


   Skills:
 + Level 3.4 Fighting
 * Level 2.9 Maces & Flails
 - Level 3.4 Armour
 + Level 4.6 Dodging
 + Level 5.3 Stealth
 * Level 5.3 Spellcasting
 + Level 1.7 Charms
 + Level 1.0 Summonings
 + Level 8.9 Necromancy
 * Level 2.0 Ice Magic
 + Level 2.9 Invocations


You had one spell level left.
You knew the following spells:

 Your Spells              Type           Power        Failure   Level  Hunger
a - Pain                  Necr           ####         1%          1    None
b - Animate Skeleton      Necr           N/A          1%          1    None
c - Vampiric Draining     Necr           ######....   1%          3    ##.....
d - Animate Dead          Necr           N/A          1%          4    ####...
e - Freeze                Ice            ###.         1%          1    None
f - Ozocubu's Armour      Chrm/Ice       ###.....     6%          3    ##.....
g - Summon Ice Beast      Ice/Summ       ###.....     22%         4    ####...


Dungeon Overview and Level Annotations

Branches:
Dungeon (8/15)             Temple (1/1) D:4            Lair (0/6) D:8

Altars:
Cheibriados
Elyvilon
Fedhas
Gozag
Kikubaaqudgha
Makhleb
Okawaru
Qazlal
Trog
Uskayaw
Xom
Zin
The Shining One

Shops:
D:4 }   D:6 *

Annotations:
D:4 soepske's ghost, novice FoFi
D:8 Joseph


Innate Abilities, Weirdness & Mutations

You are resistant to damage.
You can heal yourself by infusing magical energy.
You passively map the area around you.
You do not regenerate.


Message History

The orc moves out of view.
A warg comes into view.
The orc wizard shouts!
Casting: Animate Dead
Confirm with . or Enter, or press ? or * to list all spells.
You can't see any susceptible monsters within range! (Use Z to cast anyway.) Unknown command.
An orc priest comes into view.
Found a staircase to the Lair.
An orc comes into view. It is wielding a dagger.
Casting: Animate Dead
Confirm with . or Enter, or press ? or * to list all spells.
Aiming: Pain
Press: ? - help, Shift-Dir - straight line, f - orc wizard
Aim: an orc wizard, wielding a dagger and wearing a robe (chance to defeat MR: 84%)
You feel a surge of power!
The orc wizard writhes in agony!
The orc shouts! x2; The warg howls!
The orc priest mumbles some strange prayers to Beogh against you.
Beogh smites you!
You die...

#.# * * #.#
,* #.# .,
#.# .., #.#
*,... , *
#.# * .... ,
, #.##
.....,
#..###.....>
##..@..oo.o.
*
#.####..h..
#.# * .o. ,
#<# . ,* #.#
, * #.# * ,
#.# , #.. ,
* , ### * *


You could see a warg, an orc priest, an orc wizard and 2 orcs.

Vanquished Creatures
  Pikel (D:5)
  A hornet (D:8)
  2 sky beasts (D:7)
  3 ogres
  A centaur (D:5)
  4 bullfrogs
  A gnoll sergeant (D:7)
  A scorpion (D:5)
  A wyvern skeleton (D:6)
  5 howler monkeys
  2 crimson imps
  A quasit (D:8)
  2 bullfrog zombies
  3 hounds
  2 jellies
  A centaur skeleton (D:8)
  An orc priest (D:6)
  A bullfrog skeleton (D:6)
  An iguana (D:5)
  7 orc wizards
  3 worker ants (D:7)
  9 gnolls
  8 adders
  2 worms
  7 leopard geckos
  21 orcs
  2 ball pythons
  9 bats
  5 giant cockroaches
  7 goblins
  9 hobgoblins
  12 jackals
  10 kobolds
  3 quokkas
  6 frilled lizards
  2 leopard gecko skeletons (D:6)
  7 rats
163 creatures vanquished.

Vanquished Creatures (collateral kills)
  A phantom (D:8)
  A centaur skeleton (D:5)
  A hound zombie (D:7)
  A gnoll (D:3)
  A shadow imp (D:5)
  A dart slug (D:1)
  An orc (D:5)
7 creatures vanquished.

Vanquished Creatures (others)
  2 orc wizards
2 creatures vanquished.

Grand Total: 172 creatures vanquished

Notes
Turn   | Place    | Note
-------+----------+-------------------------------------------
     0 | D:1      | raph the Deep Dwarf Necromancer began the quest for the Orb.
     0 | D:1      | Reached XP level 1. HP: 15/15 MP: 3/3
    22 | D:1      | Learned a level 1 spell: Animate Skeleton
   228 | D:1      | Reached XP level 2. HP: 17/22 MP: 0/4
   484 | D:1      | Reached skill level 5 in Necromancy
  1109 | D:1      | Reached XP level 3. HP: 21/28 MP: 4/6
  1114 | D:1      | Learned a level 3 spell: Vampiric Draining
  2179 | D:2      | Reached XP level 4. HP: 32/36 MP: 4/7
  3445 | D:3      | Reached skill level 6 in Necromancy
  3989 | D:3      | Reached XP level 5. HP: 33/43 MP: 2/9
  4190 | D:4      | Reached skill level 1 in Fighting
  4285 | D:4      | Learned a level 4 spell: Animate Dead
  4807 | D:4      | Noticed soepske's ghost (novice FoFi)
  4869 | D:5      | Entered Level 5 of the Dungeon
  5358 | D:5      | Reached XP level 6. HP: 16/51 MP: 0/10
  5455 | D:5      | Learned a level 1 spell: Freeze
  5665 | D:5      | Reached skill level 1 in Armour
  5750 | D:5      | Reached skill level 7 in Necromancy
  5937 | D:5      | Noticed a slave
  5989 | D:5      | Noticed Pikel
  5990 | D:5      | Noticed a slave
  5998 | D:5      | Noticed a slave
  5999 | D:5      | Noticed a slave
  6177 | D:3      | Reached XP level 7. HP: 48/60 MP: 6/12
  6674 | D:5      | Killed Pikel
  6674 | D:5      | Reached XP level 8. HP: 44/68 MP: 0/14
  7346 | D:6      | Found Risupnem's Assorted Antiques.
  7388 | D:6      | Bought a potion of heal wounds for 155 gold pieces
  7388 | D:6      | Bought a scroll labeled WYNIDO MUGO for 31 gold pieces
  7389 | D:6      | Bought a scroll labeled BEJUHU LIJ LUPP for 31 gold pieces
  7676 | D:6      | Reached skill level 8 in Necromancy
  7817 | D:6      | Reached skill level 1 in Maces & Flails
  7994 | D:4      | Found Etoalo's Gadget Emporium.
  8089 | D:4      | Found a staircase to the Ecumenical Temple.
  8099 | Temple   | Entered the Ecumenical Temple
  8104 | Temple   | Became a worshipper of Makhleb the Destroyer
  8641 | D:7      | Learned a level 3 spell: Ozocubu's Armour
  8860 | D:7      | Reached skill level 5 in Stealth
  8860 | D:7      | Reached skill level 1 in Invocations
  8999 | D:7      | Reached skill level 1 in Charms
  9344 | D:7      | Gained mutation: You passively map the area around you. [Deep Dwarf growth]
  9344 | D:7      | Reached XP level 9. HP: 63/76 MP: 5/16
  9380 | D:7      | Learned a level 4 spell: Summon Ice Beast
  9886 | D:8      | Reached skill level 1 in Ice Magic
  9928 | D:8      | Paralysed by a hornet for 3 turns
  9941 | D:8      | Reached skill level 5 in Spellcasting
 10101 | D:8      | Noticed Joseph
 10101 | D:8      | Reached * piety under Makhleb
 10166 | D:7      | HP: 2/76 [gnoll/spear (2)]
 10599 | D:7      | Reached skill level 1 in Summonings
 10762 | D:8      | Found a staircase to the Lair.
 10763 | D:8      | Killed from afar by an orc priest

Skill      XL: |  1  2  3  4  5  6  7  8  9 |
---------------+----------------------------+-----
Necromancy     | 5 6 7 8 |  8.9
Spellcasting   | 2 3 4 5 |  5.3
Fighting       | 1 2 3 |  3.4
Stealth        | 3 4 5 |  5.3
Armour         | 1 2 3 |  3.4
Dodging        | 3 4 |  4.6
Maces & Flails | 2 |  2.9
Invocations    | 2 |  2.9
Charms         | 1 |  1.7
Ice Magic      | 2 |  2.0
Summonings     | 1 |  1.0

Action                   |  1- 3 |  4- 6 |  7- 9 || total
-------------------------+-------+-------+-------++-------
Melee: Unarmed           |    10 |       |       ||    10
       Short sword       |     8 |       |       ||     8
       Whip              |       |     5 |    42 ||    47
       Morningstar       |       |    27 |     6 ||    33
       Mace              |       |       |    55 ||    55
 Cast: Pain              |    81 |    89 |    87 ||   257
       Animate Skeleton  |    13 |    18 |     9 ||    40
       Vampiric Draining |     5 |    24 |    61 ||    90
       Animate Dead      |       |     1 |     9 ||    10
       Ozocubu's Armour  |       |       |    19 ||    19
       Freeze            |       |       |     4 ||     4
 Abil: Heal Wounds       |       |       |     1 ||     1
Evoke: Wand              |       |       |     3 ||     3
  Use: Scroll            |       |    13 |     7 ||    20
       Potion            |       |     2 |     3 ||     5
  Eat: Chunk             |     6 |    14 |     9 ||    29
       Meat ration       |       |       |     2 ||     2
       Bread ration      |       |       |     1 ||     1
Armor: Robe              |    34 |     2 |    58 ||    94
       Ring mail         |       |    34 |    19 ||    53
Dodge: Dodged            |    73 |    43 |   176 ||   292
